 Dungeon Crawl Stone Soup version 0.19.0 (webtiles) character file.

4089 Cacophonie the Basher (level 10, -1/70 HPs)
             Began as a Demonspawn Berserker on Nov 8, 2016.
             Was an Elder of Trog.
             Splashed by Joseph's acid (12 damage)
             ... on level 9 of the Dungeon.
             The game lasted 00:38:10 (9131 turns).

Cacophonie the Basher (Demonspawn Berserker)        Turns: 9131, Time: 00:38:11

Health: -1/70      AC: 14    Str: 19    XL:     10   Next: 5%
Magic:  10/10      EV:  7    Int:  8    God:    Trog [****..]
Gold:   713        SH:  3    Dex: 15    Spells: 0 memorised, 9 levels left

rFire  . . .     SeeInvis .     F - +1 flail (protect)
rCold  . . .     Gourm    .     v - +0 chain mail
rNeg   . . .     Faith    .     u - +0 buckler
rPois  .         Spirit   .     (no helmet)
rElec  .         Reflect  .     D - +0 cloak
rCorr  .         Harm     .     B - +0 pair of gloves
MR     ++...                    (no boots)
Stlth  ..........               (no amulet)
                                Y - +4 ring of slaying
                                E - +6 ring of protection

@: corroded, regenerating
A: slimy green scales 1, foul stench 1, powered by death 1, rot immunity
a: Berserk, Trog's Hand, Brothers in Arms, Burn Spellbooks, Renounce Religion


You were on level 9 of the Dungeon.
You worshipped Trog.
Trog was greatly pleased with you.
You were very hungry.

You visited 2 branches of the dungeon, and saw 10 of its levels.

You collected 713 gold pieces.


Message History

Joseph shouts!!!
Joseph moves out of view!
Found 5 gold pieces!
Joseph zaps a wand!
The bolt of acid hits you!!!
You are splashed with acid!!!
The acid burns!!!
It is a wand of acid!
Found Qyssoam's Magic Scroll Shop!
Joseph zaps a wand!
The bolt of acid hits you!!!
You are splashed with acid!!!
The acid burns!!!
You start resting!
Joseph zaps a wand!
The bolt of acid misses you!
Your skin crawls!
You feel resistant to hostile enchantments!
You are feeling very hungry!
Joseph zaps a wand!
The bolt of acid hits you!!! The acid corrodes you!!!
You are splashed with acid!!!
The acid burns!!! * * * don't die
* * * Joseph zaps a wand!
The bolt of acid hits you!!! * * * don't die
* * * You are splashed with acid!!!
The acid burns!!! rip

##.# #.## #.. ..#
#.#############.##
............)....#
.###############.##
.# #..# ## ##.## .#
#.@.# .# ##@#.# ..#
#..#..# #.#
#.###... .. #..
..... #.# #.#
#..@..# # .: ..
.....# # #.# #.#
.$...# . .. ....∩.
.# #.#


You could see Joseph.

Inventory:

Hand Weapons
 a - a +1 mace
 p - a +1 antimagic flail
 F - a +1 flail of protection (weapon)
 H - the +5 hunting sling "Kobem" {freeze, Str+3}
   (You found it on level 5 of the Dungeon)

   It causes projectiles fired from it to freeze those they strike, causing
   extra injury to most foes and up to half again as much damage against
   particularly susceptible opponents.
   They can also slow down cold-blooded creatures.
   It affects your strength (+3).
 J - a +0 morningstar
 K - a cursed -3 shortbow
 U - a +0 blowgun
Missiles
 e - 38 poisoned needles
 m - 95 arrows
 y - 12 tomahawks (quivered)
 G - 3 throwing nets
 O - 6 needles of sleeping
Armour
 h - a +0 scale mail
 k - a +0 ring mail
 u - a +0 buckler (worn)
 v - a +0 chain mail (worn)
 B - a +0 pair of gloves (worn)
 D - a +0 cloak (worn)
 L - a +1 plate armour of cold resistance
 Q - a +0 troll leather armour
Jewellery
 l - an uncursed ring of see invisible
 r - an uncursed ring of wizardry
 z - a +2 ring of intelligence
 E - a +6 ring of protection (left hand)
 P - an uncursed ring of protection from fire
 W - a +5 ring of strength
 X - an uncursed ring of protection from magic
 Y - a +4 ring of slaying (right hand)
 Z - an uncursed ring of fire {unknown}
Wands
 d - a wand of confusion (23/48)
 I - a wand of teleportation (4/9)
Scrolls
 b - 2 scrolls of blinking
 q - a scroll of enchant weapon
 x - 4 scrolls of remove curse
 C - 3 scrolls of recharging
 N - a scroll of magic mapping
Potions
 f - 2 potions of magic
 i - a potion of invisibility
 n - 3 potions of lignification
 o - 5 potions of curing
 s - a potion of agility
 t - a potion of might {unknown}
 w - 2 potions of flight
 A - 2 potions of mutation
 M - a potion of brilliance
 S - 3 potions of degeneration {unknown}
Comestibles
 c - 6 bread rations
 g - 3 meat rations
 R - a slice of pizza
 V - a beef jerky


   Skills:
 - Level 3.0 Fighting
 + Level 13.1 Maces & Flails
 - Level 1.7 Armour
 - Level 1.7 Dodging


You had 9 spell levels left.
You didn't know any spells.


Innate Abilities, Weirdness & Mutations

You are partially covered in slimy green scales. (AC +2)
You may emit foul miasma when damaged in melee.
You regenerate a little health from kills.
You are immune to rotting.

Dungeon Overview and Level Annotations

Branches:
Dungeon (9/15)             Temple (1/1) D:7
   Lair: D:8-11         Orc: D:9-12

Altars:
Ashenzari
Cheibriados
Dithmenos
Fedhas
Gozag
Hepliaklqana
Kikubaaqudgha
Makhleb
Okawaru
Qazlal
Ru
Trog
Uskayaw
Vehumet
Xom
Yredelemnul
Zin
The Shining One
Beogh

Shops:
D:9 ?

Annotations:
D:9 Joseph

Vault maps used:
D:1:      dpeg_arrival_pits
D:2:      nicolae_gozag_cash_rules_everything_around_me, nrook_loot_triangle
D:4:      first_bread, uniq_crazy_yiuf_cottage, uniq_blork_the_orc,
          uniq_menkaure
D:5:      uniq_prince_ribbit1
D:6:      nicolae_ru_great_annihilating_truth, uniq_grinder
D:7:      kennysheep_mini_moat
D:8:      marbit_many_paths, special_room, the_bakery
D:9:      grunt_temple_overflow_open, serial_shops, shop, nicolae_benzene_ring,
          trog_ov_bears_minmay, uniq_joseph, uniq_pikel
Temple:   dpeg_chambers_temple

Vanquished Creatures
  A troll (D:8)
  Prince Ribbit (D:5)
  Grinder (D:6)
  A hippogriff (D:7)
  A spriggan (D:8)
  A wraith (D:7)
  Menkaure (D:4)
  3 ice beasts
  3 orc warriors
  2 centaurs
  3 ogres
  A big kobold (D:7)
  Blork the orc (D:4)
  5 bullfrogs
  2 wyvern skeletons
  A water moccasin skeleton (D:7)
  A scorpion (D:4)
  2 howler monkeys
  2 hounds (D:6)
  2 quasits
  4 orc priests
  Crazy Yiuf (D:4)
  2 gnoll shamans
  An iguana (D:5)
  9 orc wizards
  3 worker ants
  3 hound zombies
  A hound skeleton (D:5)
  A howler monkey skeleton (D:8)
  10 gnolls
  10 adders
  4 shadow imps
  2 worms
  A dart slug (D:2)
  3 leopard geckos
  43 orcs
  7 bats
  2 giant cockroaches
  9 hobgoblins
  24 jackals
  5 quokkas
  4 ball pythons
  5 frilled lizards
  7 goblins
  A jackal skeleton (D:8)
  12 kobolds
  A leopard gecko skeleton (D:6)
  2 quokka skeletons
  6 rats
  A fungus (D:4)
219 creatures vanquished.

Vanquished Creatures (collateral kills)
  An orc warrior (D:6)
  An orc (D:6)
2 creatures vanquished.

Grand Total: 221 creatures vanquished

Notes
Turn   | Place    | Note
-------+----------+-------------------------------------------
     0 | D:1      | Cacophonie the Demonspawn Berserker began the quest for the Orb.
     0 | D:1      | Reached XP level 1. HP: 18/18 MP: 1/1
   172 | D:1      | Reached skill level 3 in Maces & Flails
   577 | D:1      | HP: 1/27 [worm (5)]
   578 | D:1      | Gained mutation: You regenerate a little health from kills. [demonic ancestry]
   578 | D:1      | Reached XP level 2. HP: 2/24 MP: 2/2
  1288 | D:2      | Reached XP level 3. HP: 29/29 MP: 3/3
  1364 | D:2      | Reached skill level 4 in Maces & Flails
  1732 | D:2      | Found an opulent altar of Gozag.
  1838 | D:2      | Reached ** piety under Trog
  2207 | D:3      | Gained mutation: You are immune to rotting. [demonic ancestry]
  2207 | D:3      | Reached XP level 4. HP: 35/35 MP: 4/4
  2669 | D:3      | Reached skill level 5 in Maces & Flails
  3211 | D:4      | Noticed an ogre
  3225 | D:4      | Killed an ogre
  3225 | D:4      | Reached XP level 5. HP: 41/41 MP: 5/5
  3287 | D:4      | Reached skill level 6 in Maces & Flails
  3287 | D:4      | Reached XP level 6. HP: 47/47 MP: 2/6
  3487 | D:4      | Noticed Blork the orc
  3500 | D:4      | Killed Blork the orc
  3510 | D:4      | Noticed Menkaure
  3521 | D:4      | Killed Menkaure
  3521 | D:4      | Reached skill level 7 in Maces & Flails
  3546 | D:4      | Gained mutation: You are partially covered in slimy green scales. (AC +2) [demonic ancestry]
  3546 | D:4      | Reached XP level 7. HP: 50/52 MP: 2/7
  3596 | D:4      | Reached *** piety under Trog
  3758 | D:4      | Found a runed door.
  3762 | D:4      | Noticed Crazy Yiuf
  3764 | D:4      | Paralysed by Crazy Yiuf for 2 turns
  3772 | D:4      | Killed Crazy Yiuf
  3772 | D:4      | Reached skill level 8 in Maces & Flails
  4044 | D:5      | Entered Level 5 of the Dungeon
  4419 | D:5      | Got a translucent hunting sling
  4448 | D:5      | Reached skill level 9 in Maces & Flails
  4448 | D:5      | Reached XP level 8. HP: 58/58 MP: 2/8
  4777 | D:5      | Noticed Prince Ribbit
  4794 | D:5      | Killed Prince Ribbit
  5233 | D:6      | Reached skill level 10 in Maces & Flails
  5237 | D:6      | Reached **** piety under Trog
  5657 | D:6      | Identified the +5 hunting sling "Kobem" {freeze, Str+3} (You found it on level 5 of the Dungeon)
  5848 | D:6      | Reached skill level 11 in Maces & Flails
  5848 | D:6      | Gained mutation: You may emit foul miasma when damaged in melee. [demonic ancestry]
  5848 | D:6      | Reached XP level 9. HP: 37/63 MP: 9/9
  5999 | D:6      | Noticed Grinder
  6128 | D:6      | Found a sacrificial altar of Ru.
  6138 | D:6      | Paralysed by Grinder for 6 turns
  6166 | D:6      | Killed Grinder
  6471 | D:6      | Received a gift from Trog
  7136 | D:7      | Found a basalt altar of Yredelemnul.
  7211 | D:7      | Reached skill level 12 in Maces & Flails
  7477 | D:7      | Found a staircase to the Ecumenical Temple.
  7514 | Temple   | Entered the Ecumenical Temple
  7859 | D:8      | Noticed a troll
  7867 | D:8      | Killed a troll
  8353 | D:8      | Reached skill level 13 in Maces & Flails
  8454 | D:8      | Found a hazy altar of Hepliaklqana.
  8513 | D:8      | Found a roughly hewn altar of Beogh.
  8514 | D:8      | what the fuck
  8533 | D:8      | Reached XP level 10. HP: 70/70 MP: 10/10
  9120 | D:9      | Noticed Joseph
  9122 | D:9      | Found Qyssoam's Magic Scroll Shop.
  9131 | D:9      | Splashed by Joseph's acid
